Map: Eastwatch LE

Players

axu

  • Race: Protoss Protoss
  • League: Platinum
  • Spawn Location: 7:00

Masiko - Winner!

  • Race: Protoss Protoss
  • League: Platinum
  • Spawn Location: 1:00

VOD

Have the link to the VOD?

Description

Time

  • Played on: March 22, 2018, 12:46 p.m.
  • Length: 6:37
Show
View Real Time Build Order
Export as new Build Order

axu Protoss 

Build Orders:  

Get SALT Encoding   

  12  0:01  Probe  
  13  0:13  Probe  
  14  0:17  Pylon  
  14  0:25  Probe  
  15  0:37  Probe  
  15  0:40  Gateway  
  16  0:49  Probe  
  17  0:50  Assimilator  
  17  1:01  Probe (Chrono Boost)  
  18  1:04  Gateway  
  18  1:13  Probe (Chrono Boost)  
  19  1:22  Probe (Chrono Boost)  
  20  1:31  Cybernetics Core  
  20  1:41  Pylon  
  20  1:45  Zealot (Chrono Boost)  
  22  1:57  Probe  
  23  2:09  Adept (Chrono Boost)  
  23  2:14  Adept (Chrono Boost), Probe  
  28  2:29  Nexus  
  28  2:40  Stalker  
  30  2:49  Shield Battery  
  30  3:00  Pylon  
  30  3:01  Probe  
  31  3:18  Stalker, Probe  
  34  3:47  Probe x2  
  36  3:52  Assimilator  
  36  3:59  Probe x2  
  36  4:02  Pylon  
  36  4:25  Pylon  
  36  4:31  Pylon  
  31  4:58  Stalker (Chrono Boost)  
  31  5:05  Pylon  
  31  5:06  Pylon  
  27  5:08  Probe  
  27  5:09  Probe  
  27  5:11  Stalker (Chrono Boost)  
  25  5:21  Probe x2  
  25  5:24  Pylon  
  25  5:25  Stalker (Chrono Boost)  
  27  5:33  Probe x2  
  15  6:11  Pylon  
  15  6:13  Probe  
  15  6:14  Probe  
Show
View Real Time Build Order
Export as new Build Order

Masiko Protoss - Winner!

Build Orders:  

Get SALT Encoding   

  12  0:00  Probe  
  13  0:12  Probe  
  14  0:19  Pylon  
  14  0:25  Probe  
  15  0:40  Gateway  
  15  0:41  Probe (Chrono Boost)  
  17  0:50  Assimilator  
  17  0:51  Probe (Chrono Boost)  
  17  0:56  Probe (Chrono Boost)  
  17  1:02  Assimilator  
  18  1:07  Probe  
  19  1:17  Pylon  
  19  1:19  Probe  
  20  1:30  Assimilator  
  20  1:32  Probe  
  21  1:48  Pylon, Cybernetics Core  
  21  1:55  Probe  
  22  2:08  Probe  
  23  2:14  Gateway  
  23  2:16  Gateway  
  23  2:18  Gateway  
  23  2:20  Probe  
  24  2:26  Stalker, Warp Gate (Chrono Boost)  
  26  2:37  Pylon  
  26  2:40  Pylon  
  26  3:09  Stalker x3  
  32  3:15  Stalker  
  28  3:39  Stalker x2  
  29  3:58  Stalker  
  31  4:27  Probe  
  32  4:39  Probe  
  31  4:51  Probe  
  30  5:03  Probe  
  29  5:15  Probe  
  30  5:25  Stalker x3  
  32  6:16  Stalker  
  32  6:17  Stalker x3  
Tags
 
Add a new tag
Caveats
  • Supply blocks, unpowered buildings, or Contaminate may cause inaccurate times.
  • Supply counts are checked every 10 seconds.